Cogmind - Beta 15 @@@ ROGUE MODE // 2025.08.26 @ 22:29:40 Player: Hunter104 Result: Self-destructed Performance ------------- Evolutions (6) 3000 Regions Visited (13) 2600 Robots Destroyed (31) 155 Value Destroyed (1065) 1065 Prototype IDs (26) 520 Alien Tech Used (0) 0 Bonus (300) 300 TOTAL SCORE: 7640 Bonus ------- Aligned with FarCom 300 Cogmind --------- Core Integrity 1069/1150 Matter 250/300 Energy 0/450 System Corruption 0% Temperature Cool (0) Movement Hovering (36) Location -4/Factory Parts ------- > --- POWER (3) -------- (None) > --- PROPULSION (6) --- Improved Linear Gravjet Improved Linear Gravjet Improved Linear Gravjet Improved Linear Gravjet VTOL Module Improved VTOL Module > --- UTILITY (8) ------ Cryofiber Web Energy Well Improved Terrain Scanner Advanced Melee Analysis Suite Advanced Melee Analysis Suite Reaction Control System > --- WEAPON (2) ------- (None) > --- INVENTORY (5) ---- IFF Parser Improved Target Analyzer Improved Reaction Control System Point Defense System System Shield Peak State ------------ > --- POWER ------------ Light Fission Core Enhanced Fission Core > --- PROPULSION ------- VTOL Module VTOL Module Improved VTOL Module Improved VTOL Module Improved VTOL Module Field Propulsion Drive > --- UTILITY ---------- Cryofiber Web Energy Well Weight Redist. System Advanced Melee Analysis Suite Advanced Melee Analysis Suite Reaction Control System Improved Reaction Control System > --- WEAPON ----------- Greatsword > --- INVENTORY -------- IFF Parser Improved Target Analyzer Reaction Control System Improved Reaction Control System System Shield [Rating: 72] Favorites ----------- Power Ion Engine Engine Ion Engine Power Core Micro Nuclear Core Propulsion Improved VTOL Module Treads Light Treads Leg Aluminum Leg Hover Unit Improved Gravmag System Flight Unit Improved VTOL Module Utility Small Storage Unit Device Weight Redist. System Storage Small Storage Unit Processor Advanced Melee Analysis Suite Protection Reflective Plating Weapon Longsword +1 Energy Cannon Guided Plasma Cannon Ballistic Gun Assault Rifle Ballistic Cannon Light Cannon Launcher Rocket Launcher Special Weapon Remote Datajack Impact Weapon Heavy Flail Slashing Weapon Longsword +1 Piercing Weapon Spear Special Melee Weapon Improved Datajack Build | -11 -10 -10 -10 -9 -8 -7 -7 -7 -6 -5 -5 -5 -4 ------- Run | Yrd Mat Min Exi Min Mat Fac Low Low Fac Fac Ext Cet Fac Slots Evolved 12 | . . . . . 4 2 . . 2 2 . . 2 Power 2 | . . . . . . 1 . . . . . . 1 Propulsion 4 | . . . . . 2 1 . . 1 . . . . Utility 6 | . . . . . 2 . . . 1 2 . . 1 Weapon . | . . . . . . . . . . . . . . Parts Attached 74 | 8 4 2 2 1 13 5 7 . 17 6 5 . 4 Power 14 | 1 . . . . 2 1 3 . 4 2 1 . . Engine 5 | 1 . . . . 2 1 . . . . 1 . . Core 9 | . . . . . . . 3 . 4 2 . . . Reactor . | . . . . . . . . . . . . . . Propulsion 22 | 4 . 1 . . 5 . 3 . 4 1 . . 4 Treads 2 | 2 . . . . . . . . . . . . . Leg 5 | 2 . 1 . . 2 . . . . . . . . Wheel . | . . . . . . . . . . . . . . Hover 8 | . . . . . . . 2 . 2 . . . 4 Flight 7 | . . . . . 3 . 1 . 2 1 . . . Utility 22 | 1 2 . . 1 4 2 . . 7 3 2 . . Device 11 | . 2 . . 1 2 . . . 1 3 2 . . Storage 4 | 1 . . . . . . . . 3 . . . . Processor 5 | . . . . . 2 1 . . 2 . . . . Hackware . | . . . . . . . . . . . . . . Protection 2 | . . . . . . 1 . . 1 . . . . Artifact . | . . . . . . . . . . . . . . Weapon 16 | 2 2 1 2 . 2 2 1 . 2 . 2 . . Energy Gun . | . . . . . . . . . . . . . . Energy Cannon 2 | . 1 . 1 . . . . . . . . . . Ballistic Gun 3 | 2 . . . . . . . . . . 1 . . Ballistic Cannon 2 | . 1 . . . . . . . . . 1 . . Launcher 1 | . . 1 . . . . . . . . . . . Special Weapon 1 | . . . . . . . . . 1 . . . . Impact Weapon 1 | . . . . . 1 . . . . . . . . Slashing Weapon 4 | . . . 1 . . 1 1 . 1 . . . . Piercing Weapon 1 | . . . . . . 1 . . . . . . . Special Melee Weapon 1 | . . . . . 1 . . . . . . . . Unidentified Prototypes 4 | . . . 1 . 2 . . . . 1 . . . Parts Lost 12 | . . . . . . . 1 . 1 . 8 1 1 Power 4 | . . . . . . . 1 . 1 . 2 . . Propulsion 3 | . . . . . . . . . . . 2 1 . Utility 4 | . . . . . . . . . . . 3 . 1 Weapon 1 | . . . . . . . . . . . 1 . . Highest Loss Streak 5 | . . . . . . . 1 . 1 . 5 1 1 To Critical Strikes . | . . . . . . . . . . . . . . Average Backups 6 | 4 6 8 8 7 7 4 5 4 4 5 4 5 5 Power . | . 1 1 1 1 . . . . . . . . . Propulsion 1 | 2 4 4 3 3 2 . . . . . . . . Utility 1 | . . . . . . . 1 1 3 5 4 5 5 Weapon 2 | . 1 3 3 3 4 4 3 3 1 . . . . Tool/Special . | . . . . . . . . . . . . . . Unused Backups 13 | . . . 2 . 3 1 . 1 . 1 . . 5 Power 1 | . . . . . 1 . . . . . . . . Propulsion 2 | . . . 1 . 1 . . . . . . . . Utility 7 | . . . . . . . . 1 . 1 . . 5 Weapon 3 | . . . 1 . 1 1 . . . . . . . Tool/Special . | . . . . . . . . . . . . . . Average Slot Usage (%) 86 | . 94 100 98 89 76 76 81 92 90 90 79 71 57 Engine 7 | . 14 14 14 14 9 7 6 . . . . 3 . Core 3 | . . . . . . . 6 15 11 10 6 . . Leg 13 | . 28 28 28 28 20 . . . . . . . . Hover 1 | . . . . . . . 2 7 9 . . . 8 Flight 13 | . . . . . 4 23 23 30 26 35 29 21 13 Device 14 | . 8 14 14 7 10 15 15 15 13 19 20 23 19 Storage 7 | . 14 14 14 14 7 . . . 3 5 5 5 5 Processor 7 | . . . . . 7 13 15 15 13 11 11 11 10 Energy Cannon 4 | . 3 14 14 5 . . . . . . . . . Ballistic Gun 1 | . 19 10 . . . . . . . . 1 3 . Launcher 2 | . . 4 3 9 4 . . . . . . . . Slashing Weapon 6 | . . . 9 9 9 7 3 7 6 5 2 . . Peak Build Rating 72 | 6 7 8 21 21 38 43 50 43 63 72 69 51 64 Average Rating 32 | 4 6 7 17 15 23 39 39 42 53 65 56 47 49 On Entrance 31 | . 6 7 8 21 17 38 41 43 42 57 69 51 40 Naked Turns . | . . . . . . . . . . . . . . Heaviest Build 34 | 14 17 18 24 24 19 16 22 15 24 34 27 24 12 Greatest Support 40 | 40 20 20 20 20 40 21 25 25 33 36 36 19 40 Greatest Overweight (x) 2 | 2 . . 1 1 2 . 1 . . . 1 1 1 Average Overweight (x) . | . . . . . . . . . . . . . . Largest Inventory Capacity 8 | 8 8 8 8 8 8 5 5 5 5 5 5 5 5 Average Capacity 6 | 6 8 8 8 8 7 5 5 5 5 5 5 5 5 Most Carried 8 | 6 8 8 8 8 8 5 5 5 5 5 5 5 5 Average Carried 6 | 4 7 8 7 7 7 4 4 4 4 4 4 5 5 Final Capacity 8 | 8 8 8 8 8 5 5 5 5 5 5 5 5 5 Final Carried 8 | 6 8 8 8 8 5 5 5 4 5 5 5 5 5 Class Distribution -------------------- 54% | Mutant 36% | Sprinter 6% | Scavenger-Sprinter Dominant Class ---------------- Mutant | -10/Materials Mutant | -10/Mines Mutant | -10/Exiles Mutant | -9/Mines Mutant | -8/Materials Sprinter | -7/Factory Sprinter | -7/Lower Caves Scavenger-Sprinter | -7/Lower Caves Sprinter | -6/Factory Sprinter | -5/Factory Sprinter | -5/Extension Mutant | -5/Cetus Sprinter | -4/Factory Resources | -11 -10 -10 -10 -9 -8 -7 -7 -7 -6 -5 -5 -5 -4 ----------- Run | Yrd Mat Min Exi Min Mat Fac Low Low Fac Fac Ext Cet Fac Matter Collected 1106 | 250 3 49 . 94 150 61 176 . 195 42 86 . . Remotely . | . . . . . . . . . . . . . . Salvage Created 1212 | . 21 92 . 29 253 61 303 . 226 91 136 . . Parts 68 | . 1 3 . 4 12 4 16 . 14 9 5 . . Haulers Intercepted 1 | . . . . . 1 . . . . . . . . Recyclers Shooed . | . . . . . . . . . . . . . . Parts Field Recycled . | . . . . . . . . . . . . . . Retrieved Matter . | . . . . . . . . . . . . . . Parts Self-Destructed 14 | . . . . . . . 14 . . . . . . Prevented 1 | . . . . . . . 1 . . . . . . Kills | -11 -10 -10 -10 -9 -8 -7 -7 -7 -6 -5 -5 -5 -4 ------- Run | Yrd Mat Min Exi Min Mat Fac Low Low Fac Fac Ext Cet Fac Combat Hostiles Destroyed 27 | . . 2 . 4 4 1 6 . 6 4 . . . Melee 20 | . . . . . 3 1 6 . 6 4 . . . Guns 1 | . . 1 . . . . . . . . . . . Cannons 2 | . . 1 . 1 . . . . . . . . . AOE 3 | . . . . 3 . . . . . . . . . Classes Destroyed 8 | . 1 1 . 1 2 . 2 . . . 1 . . Hauler 1 | . . . . . 1 . . . . . . . . Recycler 1 | . . . . . . . . . . . 1 . . Watcher 2 | . 1 . . . . . . . . . 1 . . Swarmer 13 | . . . . 4 . . 2 . 3 4 . . . Grunt 5 | . . 2 . . 3 . . . . . . . . Sentry 4 | . . . . . 1 1 1 . 1 . . . . Hunter 2 | . . . . . . . 2 . . . . . . Programmer 3 | . . . . . . . 1 . 2 . . . . Best Kill Streak 4 | . 1 2 . 4 3 1 2 . 4 4 1 . . Combat Bots Only 4 | . . 1 . 4 3 1 2 . 4 4 . . . Max Kills in Single Turn 3 | . 1 1 . 3 1 1 1 . 1 1 1 . . Gunslinging . | . . . . . . . . . . . . . . Exploded 3 | . . . . 3 . . . . . . . . . Melee 1 | . . . . . 1 1 1 . 1 1 . . . Uniques/NPCs Destroyed . | . . . . . . . . . . . . . . Combat | -11 -10 -10 -10 -9 -8 -7 -7 -7 -6 -5 -5 -5 -4 -------- Run | Yrd Mat Min Exi Min Mat Fac Low Low Fac Fac Ext Cet Fac Hostile Shots Fired 247 | . . 14 . 4 12 11 38 1 64 18 54 9 22 Missed 116 | . . 2 . 2 2 8 17 . 31 10 29 3 12 Hits 131 | . . 12 . 2 10 3 21 1 33 8 25 6 10 Melee 2 | . . . . . . . 1 1 . . . . . Projectile 129 | . . 12 . 2 10 3 20 . 33 8 25 6 10 Critical Strikes 2 | . . . . . . . . . . . 2 . . Damage Taken 2053 | . . 179 . 16 104 25 343 . 434 113 515 110 214 Core 578 | . . 56 . . 46 6 88 . 75 12 193 21 81 Absorbed by Shields 133 | . . . . . 42 . . . . . 27 40 24 Ignored by Resistances 11 | . . . . . . . . . 11 . . . . Core Remaining (%) 87 | 100 . . . 77 91 . . 86 91 . . 77 . Volleys Fired 21 | . 3 9 . 2 . . . . . . 7 . . Largest 2 | . 2 2 . 1 . . . . . . 1 . . Hottest 120 | . 80 80 . 120 . . . . . . 30 . . Shots Fired 33 | . 6 18 . 2 . . . . . . 7 . . Gun 19 | . 3 9 . . . . . . . . 7 . . Cannon 13 | . 3 9 . 1 . . . . . . . . . Launcher 1 | . . . . 1 . . . . . . . . . Special . | . . . . . . . . . . . . . . Kinetic 21 | . 5 9 . . . . . . . . 7 . . Thermal 11 | . 1 9 . 1 . . . . . . . . . Explosive 1 | . . . . 1 . . . . . . . . . Electromagnetic . | . . . . . . . . . . . . . . Robot Hit Streak 11 | . 1 6 . 7 . . . . . . 11 . . Robot Miss Streak 3 | . 3 2 . . . . . . . . 1 . . Penetration Max . | . . . . . . . . . . . . . . Secondary Targets . | . . . . . . . . . . . . . . Shots Hit Robots 69 | . 2 13 . 2 9 2 16 . 13 5 7 . . Core Hits 31 | . 1 3 . 2 4 1 9 . 6 3 2 . . Critical Kills . | . . . . . . . . . . . . . . Critical Parts Destroyed 2 | . . . . . 2 . . . . . . . . Critical Strikes 5 | . . . . . 2 . 3 . . . . . . Smash 2 | . . . . . 2 . . . . . . . . Sever 2 | . . . . . . . 2 . . . . . . Impale 1 | . . . . . . . 1 . . . . . . Melee Attacks 61 | . . . . . 13 2 19 2 17 6 2 . . Impact 6 | . . . . . 6 . . . . . . . . Slashing 47 | . . . . . 7 1 12 2 17 6 2 . . Piercing 7 | . . . . . . . 7 . . . . . . Sneak Attacks 3 | . . . . . 2 . . . 1 . . . . Combat Hostiles 1 | . . . . . . . . . 1 . . . . Follow-up Attacks 3 | . . . . . 2 . 1 . . . . . . Damage Inflicted 2930 | . 33 206 . 248 527 45 610 . 721 322 218 . . Guns 245 | . 13 83 . . . . . . . . 149 . . Cannons 178 | . 20 123 . 35 . . . . . . . . . Explosions 213 | . . . . 213 . . . . . . . . . Melee 2294 | . . . . . 527 45 610 . 721 322 69 . . Ramming . | . . . . . . . . . . . . . . Kinetic 265 | . 33 83 . . . . . . . . 149 . . Thermal 158 | . . 123 . 35 . . . . . . . . . Explosive 213 | . . . . 213 . . . . . . . . . Electromagnetic . | . . . . . . . . . . . . . . Impact 118 | . . . . . 118 . . . . . . . . Slashing 1946 | . . . . . 409 45 380 . 721 322 69 . . Piercing 230 | . . . . . . . 230 . . . . . . Highest Corruption 1 | . . . . . . . 1 1 . . . . . Average Corruption 1 | . . . . . . . 1 1 . . . . . Corruption Purged . | . . . . . . . . . . . . . . Corruption Blocked . | . . . . . . . . . . . . . . Effects 2 | . . . . . . . 2 . . . . . . Matter Fused 2 | . . . . . . . 2 . . . . . . Overload Shots . | . . . . . . . . . . . . . . Overflow Damage 377 | . . 8 . 45 128 . . . 107 55 34 . . Projectiles 23 | . . 8 . 15 . . . . . . . . . Explosions 30 | . . . . 30 . . . . . . . . . Melee 324 | . . . . . 128 . . . 107 55 34 . . Knockbacks 1 | . . . . . 1 . . . . . . . . Impact 1 | . . . . . 1 . . . . . . . . Kinetic . | . . . . . . . . . . . . . . Secondary . | . . . . . . . . . . . . . . Self-Inflicted Damage . | . . . . . . . . . . . . . . Shots . | . . . . . . . . . . . . . . Rammed . | . . . . . . . . . . . . . . Targets Rammed . | . . . . . . . . . . . . . . Kicked . | . . . . . . . . . . . . . . Crushed . | . . . . . . . . . . . . . . Highest Temperature 336 | . 18 264 . 80 . . . . 27 203 336 . . Average Temperature 105 | . 12 137 . 42 . . . . 11 51 161 . . Received Heat Transfer 702 | . . 102 . . 54 . 9 . 36 9 447 12 33 Siege Activations . | . . . . . . . . . . . . . . Martial Activations . | . . . . . . . . . . . . . . Shielding Activations . | . . . . . . . . . . . . . . Robots Disrupted . | . . . . . . . . . . . . . . Combat Hostiles . | . . . . . . . . . . . . . . Robots Corrupted 1 | . . . . . 1 . . . . . . . . Combat Hostiles 1 | . . . . . 1 . . . . . . . . Parts Fried 1 | . . . . . 1 . . . . . . . . Impact Corruptions 3 | . . . . . 3 . . . . . . . . Robots Melted . | . . . . . . . . . . . . . . Combat Hostiles . | . . . . . . . . . . . . . . Parts Melted . | . . . . . . . . . . . . . . Heat Transferred 339 | . . 259 . 80 . . . . . . . . . Parts Sabotaged . | . . . . . . . . . . . . . . Parts Stolen 2 | . . . . . . . 1 1 . . . . . Parts Stripped . | . . . . . . . . . . . . . . Power Chain Reactions . | . . . . . . . . . . . . . . Alert | -11 -10 -10 -10 -9 -8 -7 -7 -7 -6 -5 -5 -5 -4 ------- Run | Yrd Mat Min Exi Min Mat Fac Low Low Fac Fac Ext Cet Fac Maximum Alert Level . | . . . . . . . . . . . . . . Low Security (%) 100 | 100 100 100 . 100 100 100 . . 100 100 100 100 100 Level 1 . | . . . . . . . . . . . . . . Level 2 . | . . . . . . . . . . . . . . Level 3 . | . . . . . . . . . . . . . . Level 4 . | . . . . . . . . . . . . . . Level 5 . | . . . . . . . . . . . . . . High Security . | . . . . . . . . . . . . . . Max Security . | . . . . . . . . . . . . . . Peak Influence 155 | . 7 42 . 96 60 30 . . 133 145 155 86 51 Initial 86 | . . 2 . . 13 6 . . 63 60 70 86 36 Average 32 | . 1 28 . 45 12 10 . . 56 27 70 78 35 Influence Increases 1227 | . 7 50 . 96 122 45 285 . 190 165 252 . 15 Destroy 0b10 Robot/C 540 | . . 40 . 80 80 20 120 . 120 80 . . . Destroy 0b10 Robot/NC 25 | . 5 . . . 5 . 5 . . . 10 . . Destroy Leader 146 | . 2 10 . 10 22 10 40 . 40 10 2 . . Destroy Structure 6 | . . . . 6 . . . . . . . . . Partial Spotted 30 | . . . . . . 15 . . . . . . 15 Lose Combat Pursuer 480 | . . . . . 15 . 120 . 30 75 240 . . Influence Decreases 1206 | . . 35 22 60 143 60 160 25 167 143 242 89 60 Entered New Map 358 | . . 5 22 . 23 9 . 25 37 63 75 69 30 Time Decay 758 | . . 30 . 60 120 51 150 . 120 80 117 10 20 Lost Part 90 | . . . . . . . 10 . 10 . 50 10 10 Squads Dispatched 5 | . . . . . 1 1 . . 2 . . . 1 Investigation 1 | . . . . . 1 . . . . . . . . Extermination 1 | . . . . . . . . . 1 . . . . Reinforcement 3 | . . . . . . 1 . . 1 . . . 1 Assault . | . . . . . . . . . . . . . . Garrison . | . . . . . . . . . . . . . . Intercept . | . . . . . . . . . . . . . . Searches Triggered . | . . . . . . . . . . . . . . Construction Impeded . | . . . . . . . . . . . . . . Haulers Reinforced . | . . . . . . . . . . . . . . Active Scanning Responses . | . . . . . . . . . . . . . . Cargo Convoy Interrupts . | . . . . . . . . . . . . . . Stealth | -11 -10 -10 -10 -9 -8 -7 -7 -7 -6 -5 -5 -5 -4 --------- Run | Yrd Mat Min Exi Min Mat Fac Low Low Fac Fac Ext Cet Fac Distress Signals 3 | . . . . . 1 . . . . . 1 1 . Communications Jammed . | . . . . . . . . . . . . . . Distress Signals . | . . . . . . . . . . . . . . Times Spotted 82 | . 4 2 . 4 10 6 15 2 9 6 17 5 2 Peak Tracking Total 9 | . 2 2 . 4 5 4 6 2 4 5 9 5 2 Tactical Retreats 15 | . . . . . 1 . 5 . 2 2 5 . . Traps | -11 -10 -10 -10 -9 -8 -7 -7 -7 -6 -5 -5 -5 -4 ------- Run | Yrd Mat Min Exi Min Mat Fac Low Low Fac Fac Ext Cet Fac Traps Triggered 5 | . . . . . 1 . . . . 2 2 . . Indirectly . | . . . . . . . . . . . . . . Trap Hack Attempts . | . . . . . . . . . . . . . . Triggered . | . . . . . . . . . . . . . . Disarmed . | . . . . . . . . . . . . . . Reprogrammed . | . . . . . . . . . . . . . . Reused . | . . . . . . . . . . . . . . Traps Extracted . | . . . . . . . . . . . . . . Installed . | . . . . . . . . . . . . . . Triggered . | . . . . . . . . . . . . . . Machines | -11 -10 -10 -10 -9 -8 -7 -7 -7 -6 -5 -5 -5 -4 ---------- Run | Yrd Mat Min Exi Min Mat Fac Low Low Fac Fac Ext Cet Fac Machines Disabled . | . . . . . . . . . . . . . . Max in Single Turn . | . . . . . . . . . . . . . . Machines Repaired . | . . . . . . . . . . . . . . Machines Dismantled . | . . . . . . . . . . . . . . Machines Sabotaged . | . . . . . . . . . . . . . . Overloaded Fab Kills . | . . . . . . . . . . . . . . Hacking | -11 -10 -10 -10 -9 -8 -7 -7 -7 -6 -5 -5 -5 -4 --------- Run | Yrd Mat Min Exi Min Mat Fac Low Low Fac Fac Ext Cet Fac Machines Accessed 4 | . . . 2 . . . . . 2 . . . . Terminals 1 | . . . . . . . . . 1 . . . . Fabricators . | . . . . . . . . . . . . . . Repair Stations . | . . . . . . . . . . . . . . Recycling Units . | . . . . . . . . . . . . . . Scanalyzers 1 | . . . . . . . . . 1 . . . . Garrison Access . | . . . . . . . . . . . . . . Total Hacks 5 | . . . 3 . . . . . 2 . . . . Successful 3 | . . . 3 . . . . . . . . . . Failed 2 | . . . . . . . . . 2 . . . . Catastrophic . | . . . . . . . . . . . . . . Database Lockouts . | . . . . . . . . . . . . . . Manual 1 | . . . 1 . . . . . . . . . . Terminals 1 | . . . . . . . . . 1 . . . . Fabricators . | . . . . . . . . . . . . . . Repair Stations . | . . . . . . . . . . . . . . Recycling Units . | . . . . . . . . . . . . . . Scanalyzers 1 | . . . . . . . . . 1 . . . . Garrison Access . | . . . . . . . . . . . . . . Terminal Hacks 3 | . . . 3 . . . . . . . . . . Record 2 | . . . 2 . . . . . . . . . . Proto ID Catalog 1 | . . . 1 . . . . . . . . . . Fabricator Hacks . | . . . . . . . . . . . . . . Repair Station Hacks . | . . . . . . . . . . . . . . Recycling Unit Hacks . | . . . . . . . . . . . . . . Scanalyzer . | . . . . . . . . . . . . . . Garrison Access Hacks . | . . . . . . . . . . . . . . Unauthorized Hacks . | . . . . . . . . . . . . . . Terminals . | . . . . . . . . . . . . . . Fabricators . | . . . . . . . . . . . . . . Repair Stations . | . . . . . . . . . . . . . . Recycling Units . | . . . . . . . . . . . . . . Scanalyzers . | . . . . . . . . . . . . . . Garrison Access . | . . . . . . . . . . . . . . Data Cores Recovered . | . . . . . . . . . . . . . . Used . | . . . . . . . . . . . . . . Hacking Detections 1 | . . . . . . . . . 1 . . . . Full Trace Events . | . . . . . . . . . . . . . . Feedback Events . | . . . . . . . . . . . . . . Feedback Blocked . | . . . . . . . . . . . . . . Robot Schematics Acquired . | . . . . . . . . . . . . . . Robots Built . | . . . . . . . . . . . . . . Authchips . | . . . . . . . . . . . . . . Time . | . . . . . . . . . . . . . . Total Robot Build Rating . | . . . . . . . . . . . . . . Part Schematics Acquired . | . . . . . . . . . . . . . . Parts Built . | . . . . . . . . . . . . . . Authchips . | . . . . . . . . . . . . . . Time . | . . . . . . . . . . . . . . Total Part Build Rating . | . . . . . . . . . . . . . . Parts Repaired . | . . . . . . . . . . . . . . Time . | . . . . . . . . . . . . . . Parts Recycled . | . . . . . . . . . . . . . . Recycled Matter . | . . . . . . . . . . . . . . Retrieved Matter . | . . . . . . . . . . . . . . Retrieved Components . | . . . . . . . . . . . . . . Parts Scanalyzed . | . . . . . . . . . . . . . . Part Schematics Acquired . | . . . . . . . . . . . . . . Parts Damaged . | . . . . . . . . . . . . . . Bothacking | -11 -10 -10 -10 -9 -8 -7 -7 -7 -6 -5 -5 -5 -4 ------------ Run | Yrd Mat Min Exi Min Mat Fac Low Low Fac Fac Ext Cet Fac Used RIF Installer . | . . . . . . . . . . . . . . Robots Hacked 1 | . . . . . . 1 . . . . . . . Non-combat 1 | . . . . . . 1 . . . . . . . Combat . | . . . . . . . . . . . . . . Robot Hacks Applied 1 | . . . . . . 1 . . . . . . . parse_system 1 | . . . . . . 1 . . . . . . . Relay Couplers Released . | . . . . . . . . . . . . . . Fabnet Peak Effective % . | . . . . . . . . . . . . . . Robots Rewired . | . . . . . . . . . . . . . . Allies Hacked . | . . . . . . . . . . . . . . Hacks Repelled . | . . . . . . . . . . . . . . Allies | -11 -10 -10 -10 -9 -8 -7 -7 -7 -6 -5 -5 -5 -4 -------- Run | Yrd Mat Min Exi Min Mat Fac Low Low Fac Fac Ext Cet Fac Total Allies . | . . . . . . . . . . . . . . Largest Group . | . . . . . . . . . . . . . . Highest-Rated Group . | . . . . . . . . . . . . . . Highest-Rated Ally . | . . . . . . . . . . . . . . Total Orders . | . . . . . . . . . . . . . . Ally Attacks . | . . . . . . . . . . . . . . Total Damage . | . . . . . . . . . . . . . . Kills . | . . . . . . . . . . . . . . Allies Corrupted . | . . . . . . . . . . . . . . Allies Melted . | . . . . . . . . . . . . . . Intel | -11 -10 -10 -10 -9 -8 -7 -7 -7 -6 -5 -5 -5 -4 ------- Run | Yrd Mat Min Exi Min Mat Fac Low Low Fac Fac Ext Cet Fac Active Infowar (turns) 1956 | . 63 63 755 13 352 155 321 9 147 . 10 31 37 Optics 984 | . . . . . 352 155 321 9 147 . . . . Sensors 846 | . 15 63 755 13 . . . . . . . . . Terrain 78 | . . . . . . . . . . . 10 31 37 T.N.C. 69 | . . . . . 55 14 . . . . . . . ECM 48 | . 48 . . . . . . . . . . . . Robot Analysis Total . | . . . . . . . . . . . . . . Derelict Logs Recovered 1 | . . . . . . . 1 . . . . . . Drone Launches . | . . . . . . . . . . . . . . Drone Recoveries . | . . . . . . . . . . . . . . Exploration | -11 -10 -10 -10 -9 -8 -7 -7 -7 -6 -5 -5 -5 -4 ------------- Run | Yrd Mat Min Exi Min Mat Fac Low Low Fac Fac Ext Cet Fac Turns Passed 3001 | 73 97 63 755 185 470 155 321 9 244 289 256 31 53 Spaces Moved 4241 | 50 67 23 449 138 331 380 795 14 545 786 508 56 99 Core 15 | 15 . . . . . . . . . . . . . Treads 1 | 1 . . . . . . . . . . . . . Legs 940 | 34 67 23 449 138 229 . . . . . . . . Wheels . | . . . . . . . . . . . . . . Hover 46 | . . . . . . . 39 . 2 . . . 5 Flight 3239 | . . . . . 102 380 756 14 543 786 508 56 94 Fastest Speed 20 | 50 120 120 120 120 39 29 26 26 20 20 21 29 28 Average Speed 53 | 107 120 120 166 125 96 29 30 26 25 23 28 53 30 Slowest Speed 205 | 160 120 120 190 190 205 29 120 26 60 25 98 102 120 Overloaded Moves . | . . . . . . . . . . . . . . Propulsion Burnouts . | . . . . . . . . . . . . . . Robots Hopped 2 | . . . . . . . . . . . 2 . . Potential Cave-ins . | . . . . . . . . . . . . . . Cave-ins Triggered . | . . . . . . . . . . . . . . Exploration Rate (%) 27 | 5 26 9 87 31 22 11 84 6 20 15 47 23 3 Regions Visited 13 Branch Regions 7 Pre-discovered Areas . | . . . . . . . . . . . . . . Known Exits Taken . | . . . . . . . . . . . . . . Unknown Exits Taken 13 | 1 1 1 1 1 1 1 1 1 1 1 1 1 . Scrap Searched 1 | . . . . 1 . . . . . . . . . Spaces Dug . | . . . . . . . . . . . . . . Terrain Destroyed 7 | . . . . 7 . . . . . . . . . Melee . | . . . . . . . . . . . . . . Projectile . | . . . . . . . . . . . . . . AOE 7 | . . . . 7 . . . . . . . . . Terrain Rammed . | . . . . . . . . . . . . . . Walls Destroyed . | . . . . . . . . . . . . . . Machines Disabled . | . . . . . . . . . . . . . . Actions | -11 -10 -10 -10 -9 -8 -7 -7 -7 -6 -5 -5 -5 -4 --------- Run | Yrd Mat Min Exi Min Mat Fac Low Low Fac Fac Ext Cet Fac Total 4814 | 66 76 40 455 149 469 422 842 15 618 881 604 57 120 Wait 283 | . . 6 . . 96 29 16 . 14 41 64 . 17 Move 4223 | 49 66 22 448 137 330 379 794 13 544 785 502 55 99 Hop 2 | . . . . . . . . . . . 2 . . Pick Up 36 | 9 3 . 2 2 5 1 1 . 9 3 1 . . Fast Attach 35 | 3 . . 1 1 8 2 6 . 3 3 5 . 3 Attach 10 | 3 1 . . 2 . . . . 2 1 1 . . Detach 2 | . . . . 1 . 1 . . . . . . . Swap 43 | 2 3 2 1 1 7 4 4 . 15 3 . . 1 Drop 50 | . . 1 3 3 13 4 3 . 14 6 1 2 . Fire 21 | . 3 9 . 2 . . . . . . 7 . . Melee 57 | . . . . . 10 2 18 2 17 6 2 . . Ram . | . . . . . . . . . . . . . . Kick . | . . . . . . . . . . . . . . Crush . | . . . . . . . . . . . . . . Escape Stasis 52 | . . . . . . . . . . 33 19 . . Rewire . | . . . . . . . . . . . . . . Trap . | . . . . . . . . . . . . . . Miscellaneous . | . . . . . . . . . . . . . . Route ------- -11/Scrapyard -10/Materials -10/Mines (discovered 2 exits: [*Mat] / *Exi) -10/Exiles -9/Mines -8/Materials -7/Factory -7/Lower Caves -7/Lower Caves -6/Factory -5/Factory -5/Extension (discovered 2 exits: [*Fac] / [*Cet]) -5/Cetus -4/Factory History --------- Turn | Location | Event 7 | -11/Scrapyard | Discovered new exit (range 15) 74 | -11/Scrapyard | Entered Materials 147 | -10/Materials | Discovered new exit (range 15) 171 | -10/Materials | Entered Mines 172 | -10/Mines | Assembled infested the area 210 | -10/Mines | Discovered new exit (range 11) 213 | -10/Mines | Received a Rocket Launcher from a helpful Derelict 214 | -10/Mines | Met 8R-AWN 229 | -10/Mines | Discovered new exit (range 5) 234 | -10/Mines | Entered Exiles 266 | -10/Exiles | Welcomed by 8R-AWN 293 | -10/Exiles | Met EX-HEX 312 | -10/Exiles | Build established: Mutant 344 | -10/Exiles | Met EX-BIN 369 | -10/Exiles | Aligned with FarCom system 370 | -10/Exiles | Given EX-Vault access code 407 | -10/Exiles | Opened EX-Vault 413 | -10/Exiles | Found Prototype Energy Cannon 414 | -10/Exiles | Identified Gui. Plasma Cannon 491 | -10/Exiles | Found Longsword +1 542 | -10/Exiles | Warned to stay clear of 0b10 Research branches 595 | -10/Exiles | Met EX-DEC 668 | -10/Exiles | Visited The Gauntlet 964 | -10/Exiles | Discovered new exit (range 14) 989 | -10/Exiles | Stole two prototypes: Gui. Plasma Cannon, Longsword +1 989 | -10/Exiles | Entered Mines 995 | -9/Mines | Met a Derelict bent on vengeance 1168 | -9/Mines | Discovered new exit (range 6) 1174 | -9/Mines | Entered Materials 1174 | -8/Materials | Evolved 4 slots: Propulsion x2, Utility x2 1629 | -8/Materials | Discovered new exit (range 13) 1644 | -8/Materials | Entered Factory 1644 | -7/Factory | Evolved 2 slots: Power x1, Propulsion x1 1646 | -7/Factory | FarCom data flow suspended 1769 | -7/Factory | Discovered new exit (range 20) 1799 | -7/Factory | Entered Lower Caves 1799 | -7/Lower Caves | Spotted EI-3A3(f) 1801 | -7/Lower Caves | Encountered a Master Thief 1802 | -7/Lower Caves | Longsword +1 stolen by Master Thief 1876 | -7/Lower Caves | Attracted the attention of an 0b10 outpost 1932 | -7/Lower Caves | Build established: Sprinter 1953 | -7/Lower Caves | Entered a destroyed Warlord outpost 2118 | -7/Lower Caves | Learned Factory stockpile data 2118 | -7/Lower Caves | Discovered new exit (range 5) 2120 | -7/Lower Caves | Entered another Lower Caves area 2120 | -7/Lower Caves | Spotted S0-FJ7(f) 2120 | -7/Lower Caves | Spotted H7-0R5(f) 2121 | -7/Lower Caves | Adv. Heat Sink stolen by Master Thief 2122 | -7/Lower Caves | Encountered a Master Thief 2122 | -7/Lower Caves | Encountered a Master Thief 2127 | -7/Lower Caves | Discovered new exit (range 6) 2129 | -7/Lower Caves | Entered Factory 2129 | -6/Factory | Evolved 2 slots: Propulsion x1, Utility x1 2325 | -6/Factory | Discovered new exit (range 12) 2373 | -6/Factory | Entered another Factory area 2373 | -5/Factory | Evolved 2 slots: Utility x2 2435 | -5/Factory | Discovered new exit (range 5) 2662 | -5/Factory | Entered Extension 2684 | -5/Extension | Spotted B-75 Beast 2818 | -5/Extension | Spotted B-75 Beast 2822 | -5/Extension | Lost 5 parts (1p2n1u1w) 2846 | -5/Extension | Discovered new exit (range 15) 2846 | -5/Extension | Discovered new exit (range 15) 2855 | -5/Extension | Lost 3 parts (1p2u) 2918 | -5/Extension | Entered Cetus 2931 | -5/Cetus | Spotted Cetus Guard 2931 | -5/Cetus | Spotted Cetus Guard 2933 | -5/Cetus | Spotted Cetus Guard 2934 | -5/Cetus | Spotted Cetus Guard 2944 | -5/Cetus | Discovered new exit (range 16) 2949 | -5/Cetus | Entered Factory 2949 | -4/Factory | Evolved 2 slots: Power x1, Utility x1 3002 | -4/Factory | Self-destructed Last Messages --------------- O-24 Administrator uses terminal to summon reinforcements. ALERT: Hostiles spotted, dispatching reinforcements to Terminal F019. O-24 Administrator locks terminal. Slug penetrates Wall. Acquired Imp. Linear Gravjet. Slug penetrates Nuclear Reactor. Acquired Imp. Linear Gravjet. Penetrated by Slug. Acquired Imp. Linear Gravjet. Your per-turn energy upkeep is currently significantly in the negative, which may be okay for now but be prepared to manage it more closely. Penetrated by Slug. Imp. Shield Generator destroyed. Penetrated by Slug. Slug penetrates Nuclear Reactor. Slug penetrates Wall. Map ----- +----------------------------------------------------+ | ??????????????????????????????????????""" #??? | | ?????????????????????????????????????#""" #??? | | ?????????????????????????????????????#""" #??? | | ?????????????????????????????????????# #??? | | ?????????????????????????????????????#""" #??? | | ?????????????????????????????????????#""" #??? | | ??????????????????????????????????????""" #??? | | ???????????????????????????????????????? ????? | | ??????????????#######+#########??#????####+####??? | | ????????????? #???????# #??? | | ????????????? #???????# #??? | | ????????????? #???????# #??? | | ?????????????""" """ """ """ #???????# #??? | | ?????????????""" """ """ """ #???????# #??? | | ??????????# """ """ """ """ #???????# ###### | | ??????????# ######### # | | ????? """ """ """ # | | ?????? """ """ """ "Y" + | | ????? """ """ """ """ # | | ????? # | | ????? # """ | | ????????########""T""######+################# """ | | ???????? ??????#"""""# Y #?????????# """ | | ???????????????####### #?????????# """ | | ?????????????????????# #?????????# """ | | ?????????????????????# [ @ #?????#???# """ | | ?????????????????????# """ #?????????# """ | | ??????????? ?????????# = == """ #?????????# | | ?????????????????????# == """ #??????#??# | | ???????????? ???????# #?????????###### | | ????????????????????## """ """ #??????????????? | | ?????????????????????# """ """ #??????????????? | | ?????????????????????# """ """ #??????????????? | | ?????????????????????# #??????????????? | | ?????????????????????#############???????????????? | | ?????????????????????????????????????????????????? | | ?????????????????????????????????????????????????? | | ??????????????????????????#??????????????????????? | | ?????????????????????????????????????????????????? | | ?????????????????????????????????????????????????? | | ?????????????????????????????????????????????????? | | ?????????????????????????????????????????????????? | | ?????????????????????????????????????????????????? | | ?????????????????????????????????????????????????? | | ?????????????????????????????????????????????????? | | ?????????????????????????????????????????????????? | | ?????????????????????????????????????????????????? | | ?????????????????????????????????????????????????? | | ?????????????????????????????????????????????????? | | ?????????????????????????????????????????????????? | +----------------------------------------------------+ Best States ------------- Heat Dissipation 43 Coolant Potential 65 Energy Generation 28 Energy Capacity 615 Matter Stores 300 Matter Capacity 300 Sight Range 20 Robot Scan Range 14 Terrain Scan Range 16 Terrain Scan Density 10 ECM Strength 1 Additional Mass Support 6 Base Temperature (-) 100 Armor Coverage 150 Resistance: TH 10 Evasion (%) 75 Melee Accuracy 16 Core Analysis 6 Item Schematics ----------------- None Robot Schematics ------------------ None Fabricated ------------ Nothing Repaired ---------- Nothing Alien Tech Used ----------------- None Achievements -------------- Dodgeball, But With Guns Leap Before You Look Challenges ------------ None Game ------ Seed CarbideAnalysisLattice Manual? 0 Play Time 00:51:33 Cumulative 9.9 hours Start 2025.08.18 @ 20:01:27 End 2025.08.26 @ 22:29:40 Sessions 9 Manual Loads 0 Difficulty Rogue Special Mode None Game No. 25 Rogue 25 Adventurer 0 Explorer 0 Win Type - Total 0 Types 0/0/0/0/0/0/0/0/0/0 Lore% 8 Gallery% 19 Achievement% 17 Wizard Run 0 Options --------- Layout 1 ASCII 0 Keyboard 0 Movement Mouse Keybinds 0 Fullscreen 1 Font 24/Smallcaps Map View 50x35 Zoom Use 0% Tactical HUD 0 Map Filters NONE Filters NONE Steam 1 RUN: 860e047b-a879-42dd-b445-b183e5eb8239